 Dungeon Crawl Stone Soup version 0.8.0-151-ga56b52c character file.

7475 Hushed the Summoner (level 10, -6/72 HPs)
             Began as a Demigod Summoner on May 14, 2011.
             Mangled by an elephant (9 damage)
             ... on Level 3 of the Lair of Beasts.
             The game lasted 03:22:11 (15014 turns).

Hushed the Summoner (Demigod Summoner)             Turns: 15014, Time: 03:22:11

HP  -6/72        AC  9     Str 16 Exp: 10/10217 (0), need: 2198
MP   3/24        EV 13     Int 19      God:
Gold 324         SH  0     Dex 19      Spells:  5 memorised,  5 levels left

Res.Fire  : + . .   See Invis. : .   S - +7 Singing Sword {Noisy}
Res.Cold  : + + +   Warding    : . . g - +1 leather armour of Duty {+Blink rElec rF Life Prot.: . . . Conserve : . (no shield) Res.Acid. : + . . Res.Corr. : + (no helmet)
Res.Poison: .       Clarity    : .   J - +1 elf cloak
Res.Elec. : +       Spirit.Shd : .   (no gloves)
Sust.Abil.: . .     Stasis     : .   f - +2 pair of dwarf boots
Res.Mut.  : .       Ctrl.Telep.: .   B - amulet of resist corrosion
Res.Rott. : .       Levitation : .   v - ring of protection from cold
Saprovore : . . .   Ctrl.Flight: .   p - ring of protection from cold

@: hasted, very quick, somewhat resistant to hostile enchantments, stealthy
A: no striking features
a: Evoke Blink


You were on level 3 of the Lair of Beasts.
You were very hungry.

You visited 4 branches of the dungeon, and saw 19 of its levels.
You visited 1 portal chamber: ice cave.

You collected 895 gold pieces.
You spent 591 gold pieces at shops.

Inventory:

Hand weapons
 S - the +7,+7 Singing Sword (weapon) {Noisy}
   (You found it on level 6 of the Dungeon)

   It makes noises.
Armour
 a - a +0 troll leather armour
 e - a +0 elven ring mail
 f - a +2 pair of dwarven boots (worn)
 g - the +1 leather armour of Duty (worn) {+Blink rElec rF+ rC+}
   (You found it on level 7 of the Dungeon)

   It protects you from fire.
   It protects you from cold.
   It insulates you from electricity.
   It lets you blink.
 G - a +0 dwarven buckler
 J - a +1 elven cloak (worn)
Magical devices
 m - a wand of frost (21)
 o - a wand of hasting (6) {unknown}
 x - a wand of random effects (6) {unknown}
 z - a wand of lightning (9) {unknown}
 N - a wand of flame (2)
 R - a wand of fireball (8) {unknown}
 V - a wand of digging (3) {unknown}
 Z - a wand of draining (14) {unknown}
Comestibles
 c - 5 bread rations
 i - 5 meat rations
 X - a honeycomb
Scrolls
 d - a scroll of magic mapping
 k - 6 scrolls of detect curse
 l - a scroll of fear
 n - 8 scrolls of enchant weapon I
 q - a scroll of holy word {unknown}
 t - 5 scrolls of enchant weapon II
 w - 5 scrolls of remove curse
 y - a scroll of teleportation
 C - 3 scrolls of recharging {unknown}
 F - a scroll of blinking
 I - 2 scrolls of random uselessness
 L - a scroll of summoning {unknown}
 M - a scroll of enchant armour
 Q - a scroll of fog {unknown}
 Y - 2 scrolls of identify
Jewellery
 j - an uncursed ring of wizardry
 p - a ring of protection from cold (left hand)
 u - a +4,+1 ring of slaying
 v - a ring of protection from cold (right hand)
 A - an uncursed ring of teleportation
 B - an amulet of resist corrosion (around neck)
 H - an uncursed ring of wizardry
Potions
 r - 8 potions of healing
 s - a potion of levitation
 D - a potion of invisibility
 E - a potion of restore abilities
 K - a potion of resistance
Books
 b - a book of Callings

   Spells                             Type                      Level
   *Summon Small Mammals              Summoning                    1
   Call Imp                           Summoning                    2
   *Call Canine Familiar              Summoning                    3
   *Summon Scorpions                  Summoning/Poison             4
   *Summon Ice Beast                  Ice/Summoning                5
 h - a book of Ice

   Spells                             Type                      Level
   Freezing Aura                      Charms/Ice                   2
   Ensorcelled Hibernation            Hexes/Ice                    2
   Condensation Shield                Ice/Transmutation            4
   Ozocubu's Refrigeration            Ice                          5
   Bolt of Cold                       Conjuration/Ice              6
   Simulacrum                         Ice/Necromancy               6
   Metabolic Englaciation             Hexes/Ice                    7
 O - a book of the Warp

   Spells                             Type                      Level
   Passage of Golubria                Translocation                4
   Phase Shift                        Translocation                5
   Warp Weapon                        Charms/Translocation         5
   Dispersal                          Translocation                6
   Controlled Blink                   Translocation                7
 T - a Grand Grimoire {highlevel}

   This book is beyond your current level of understanding.

   Spells                             Type                      Level
   Demonic Horde                      Summoning                    6
   Haunt                              Necromancy/Summoning         7
   Summon Greater Demon               Summoning                    7
   Malign Gateway                     Summoning/Translocation      7
   Summon Horrible Things             Summoning                    8
 U - a book of Party Tricks

   Spells                             Type                      Level
   *Summon Butterflies                Summoning                    1
   Apportation                        Translocation                1
   Projected Noise                    Hexes                        2
   Blink                              Translocation                2
   Levitation                         Charms/Air                   2
   Alistair's Intoxication            Transmutation/Poison         4
Miscellaneous
 P - a crystal ball of seeing You had 0 experience left.


   Skills:
 + Level 3 Fighting
 + Level 6 Long Blades
 + Level 3 Armour
 - Level 3 Dodging
 - Level 2 Stealth
 - Level 1 Stabbing
 + Level 2 Shields
 + Level 1 Traps & Doors
 + Level 3 Unarmed Combat
 + Level 5 Spellcasting
 + Level 12 Summonings


You had 5 spell levels left.
You knew the following spells:

 Your Spells              Type           Power        Success   Level  Hunger
a - Summon Small Mammals  Summ           #####        Excellent   1    None
b - Call Canine Familiar  Summ           ######....   Excellent   3    Choko
c - Summon Scorpions Pois/Summ #####.....     Very         Good        4    Honeycomb
d - Summon Ice Beast      Ice/Summ       #####.....   Fair        5    Honeycomb
e - Summon Butterflies    Summ           ######...    Excellent   1    None

Dungeon Overview and Level Annotations

Branches:
Dungeon (11/27)            Temple (1/1) D:4             Orc (4/4) D:8
   Lair (3/8) D:9
    Elf: Orc:3-4      Swamp: Lair:2-5    Shoals: Lair:3-6     Snake: Lair:3-6
   Hive: D:11-16

Shops:
D:9: !

Annotations
D:7 exclusion: 4 doors


Message History

You feel yourself speed up. The elephant tramples you!
You hold your ground!
* * * LOW HITPOINT WARNING * * *
The elephant trunk-slaps you but does no damage.
The elephant barely misses you.
The elephant trunk-slaps you but does no damage.
The elephant tramples you!
You hold your ground!
You die... ∙∙∙ ∙∙∙∙∙∙∙∙∙ ∙∙∙∙∙∙∙∙∙∙∙ ∙∙∙∙∙∙∙∙∙∙∙ ∙∙∙∙∙∙∙∙∙∙∙ ∙∙∙∙∙∙∙∙ ∙∙∙∙f ▒▒∙∙▒▒ ▒YYYh▒

▒▒▒▒▒▒▒∙▒▒▒
▒∙▒▒∙▒▒∙∙▒
▒▒▒Y∙∙▒▒∙∙▒▒▒
▒∙YY∙∙∙∙∙∙∙∙▒
▒@YY∙∙∙∙∙∙∙∙▒
▒∙∙∙∙∙∙∙[∙∙∙▒
▒∙∙∙∙∙∙∙∙∙∙∙∙∙∙
▒∙∙∙∙∙∙∙∙∙∙∙∙∙∙∙
▒▒▒▒▒∙▒▒▒▒▒▒▒∙▒
▒▒▒ ▒


You could see 5 elephants.

Vanquished Creatures
  A yak (Lair:1)
  3 ice beasts
  A yellow wasp (D:10)
  A giant goldfish zombie (D:7)
  2 centaurs
  A crocodile (Lair:1)
  4 hounds
  2 imps (D:8)
  3 orc priests
  An orc wizard (D:9)
  2 scorpions (D:6)
  A worker ant zombie (D:9)
  3 worker ants
  A big fish zombie (D:7)
  3 green rats (Lair:1)
  7 snakes
  A snake zombie (D:7)
  2 giant mites (D:6)
  A worm (D:9)
  5 giant eyeballs
  3 giant geckos
  18 orcs
  2 giant cockroaches
  7 hobgoblins
  10 kobolds
  4 quokkas
  2 giant newts
  10 goblins
  A hobgoblin skeleton (D:9)
  2 jackals
  A kobold skeleton (D:8)
  7 megabats
  2 orc skeletons
  2 orc zombies
  8 rats
  10 fungi
  7 toadstools
141 creatures vanquished.

Vanquished Creatures (collateral kills)
  A hill giant (D:10)
  A weapon mimic (D:9)
  A spiny frog (Lair:1)
  Psyche (Orc:3)
  Grinder (D:6)
  6 polar bears (Port)
  2 trolls
  3 giant toads
  16 yaks
  A wandering mushroom (D:9)
  A hungry ghost (D:10)
  A hippogriff (Lair:1)
  2 necrophages
  A sky beast (D:9)
  5 ice beasts
  5 orc warriors
  2 centaurs (D:8)
  Menkaure (D:5)
  3 ogres
  A phantom (D:8)
  5 wolves (Port)
  2 crocodiles (Lair:2)
  3 water moccasins
  4 giant frogs
  An agate snail (Lair:1)
  2 imps
  A hound zombie (D:6)
  2 shadows
  2 hounds
  A big kobold skeleton (D:9)
  A porcupine (Lair:1)
  4 orc priests
  9 orc wizards
  4 scorpions
  8 worker ants
  2 iguanas (Lair:1)
  A worker ant zombie (D:8)
  A mummy (D:10)
  2 jellies
  A goliath beetle zombie (D:6)
  4 gnolls (D:5)
  2 giant centipedes
  3 green rats (Lair:1)
  A giant centipede zombie (D:5)
  11 snakes
  5 worms
  2 giant mites
  A giant eyeball (D:11)
  A megabat skeleton (D:6)
  A giant gecko (D:6)
  43 orcs
  3 giant cockroaches
  6 goblins
  9 hobgoblins
  15 jackals
  10 kobolds
  10 megabats
  2 quokkas
  2 small snakes
  9 giant newts
  4 rats
  5 fungi
  A toadstool (D:3)
261 creatures vanquished.

Vanquished Creatures (others)
  19 war dogs
  4 ice beasts
  6 wolves
  A warg (D:8)
  34 hounds
  An orc priest (Orc:2)
  4 scorpions
  9 grey rats
  5 orcs
  A goblin (D:7)
  A hobgoblin (D:9)
  13 megabats
  15 quokkas
  A giant newt (D:4)
  A hobgoblin skeleton (D:4)
  73 jackals
  19 rats
  A fungus (D:9)
  22 toadstools
230 creatures vanquished.

Grand Total: 632 creatures vanquished

Notes
Turn   | Place    | Note
--------------------------------------------------------------
     0 | D:1      | Hushed, the Demigod Summoner, began the quest for the Orb.
     0 | D:1      | Reached XP level 1. HP: 12/12 MP: 4/4
   118 | D:1      | Reached skill level 4 in Summonings
   497 | D:1      | Reached XP level 2. HP: 16/18 MP: 3/6
  1613 | D:2      | Reached XP level 3. HP: 24/24 MP: 7/7
  1818 | D:2      | HP: 1/24 [it/magic dart (2)]
  2290 | D:3      | Learned a level 3 spell: Call Canine Familiar
  2513 | D:3      | Reached skill level 5 in Summonings
  2724 | D:3      | Reached XP level 4. HP: 17/30 MP: 3/10
  2929 | D:3      | Reached skill level 1 in Unarmed Combat
  3099 | D:4      | Reached XP level 5. HP: 36/36 MP: 10/13
  3279 | D:4      | Reached skill level 6 in Summonings
  3836 | D:4      | Found a staircase to the Ecumenical Temple.
  3846 | Temple   | Entered the Ecumenical Temple
  4078 | D:5      | Entered Level 5 of the Dungeon
  4119 | D:5      | Found a snail-covered altar of Cheibriados.
  4262 | D:5      | Noticed Menkaure
  4269 | D:5      | Defeated Menkaure
  4269 | D:5      | Reached XP level 6. HP: 40/42 MP: 5/15
  4532 | D:5      | Found a glowing silver altar of Zin.
  4659 | D:5      | Reached skill level 7 in Summonings
  4912 | D:6      | Learned a level 4 spell: Summon Scorpions
  5173 | D:6      | Noticed Grinder
  5179 | D:6      | Defeated Grinder
  5179 | D:6      | Reached XP level 7. HP: 48/48 MP: 11/17
  5364 | D:6      | Reached skill level 1 in Fighting
  5418 | D:6      | Got a golden long sword
  5419 | D:6      | Identified the Singing Sword {Noisy} (You found it on level 6 of the Dungeon)
  5446 | D:6      | Reached skill level 1 in Stabbing
  5600 | D:6      | Paralysed by a giant eyeball for 3 turns
  5618 | D:6      | Found a deep blue altar of Sif Muna.
  5736 | D:6      | Reached skill level 1 in Long Blades
  5832 | D:6      | Reached skill level 8 in Summonings
  6196 | D:7      | Noticed a griffon
  6415 | D:7      | Found a basalt altar of Yredelemnul.
  6737 | D:7      | Got an ancient leather armour
  6738 | D:7      | Identified the +1 leather armour of Duty (You found it on level 7 of the Dungeon)
  6922 | D:7      | Reached XP level 8. HP: 50/57 MP: 19/20
  7047 | D:7      | Reached skill level 1 in Shields
  7129 | D:7      | Reached skill level 1 in Armour
  7665 | D:8      | HP: 1/57 [troll (9)]
  8375 | D:7      | Paralysed by a giant eyeball for 4 turns
  8860 | D:8      | Found a staircase to the Orcish Mines.
  9025 | Orc:1    | Entered Level 1 of the Orcish Mines
  9380 | Orc:2    | Reached skill level 9 in Summonings
  9464 | Orc:3    | Noticed Psyche
  9474 | Orc:3    | Defeated Psyche
  9474 | Orc:3    | Reached XP level 9. HP: 56/63 MP: 3/20
  9602 | Orc:4    | Entered Level 4 of the Orcish Mines
  9602 | Orc:4    | Noticed keggy's ghost (powerful HOPr)
  9874 | D:9      | Found Evopuap's Distillery.
  9891 | D:9      | Bought a potion of mutation for 60 gold pieces
  9891 | D:9      | Bought a potion of paralysis for 1 gold piece
  9891 | D:9      | Bought a potion of heal wounds for 36 gold pieces
  9891 | D:9      | Bought 2 potions of poison for 2 gold pieces
  9891 | D:9      | Bought a potion of speed for 30 gold pieces
  9891 | D:9      | Bought a potion of resistance for 84 gold pieces
  9891 | D:9      | Bought a potion of restore abilities for 60 gold pieces
  9891 | D:9      | Bought a potion of magic for 84 gold pieces
  9891 | D:9      | Bought a potion of agility for 30 gold pieces
  9891 | D:9      | Bought a potion of cure mutation for 180 gold pieces
  9891 | D:9      | Bought a potion of healing for 24 gold pieces
 10110 | D:9      | Found a snail-covered altar of Cheibriados.
 10332 | D:9      | Noticed a wandering mushroom
 10338 | D:9      | Found a staircase to the Lair.
 10349 | D:9      | Defeated a wandering mushroom
 10594 | Lair:1   | Entered Level 1 of the Lair of Beasts
 10609 | Lair:1   | Reached skill level 5 in Long Blades
 10999 | Lair:1   | Found a frozen archway.
 11006 | Lair:1   | Reached skill level 10 in Summonings
 11016 | IceCv    | Entered an ice cave
 11257 | IceCv    | Learned a level 5 spell: Summon Ice Beast
 11347 | IceCv    | Reached XP level 10. HP: 36/70 MP: 2/23
 11628 | IceCv    | Reached skill level 11 in Summonings
 12027 | D:9      | You fall through a shaft!
 12027 | D:10     | Entered Level 10 of the Dungeon
 13049 | D:11     | Found an iron altar of Okawaru.
 13063 | D:11     | Paralysed by a giant eyeball for 3 turns
 13087 | D:11     | Noticed a freezing wraith
 13587 | D:11     | Paralysed by a giant eyeball for 3 turns
 13591 | D:11     | Paralysed by a giant eyeball for 4 turns
 14164 | Lair:1   | Reached skill level 1 in Traps & Doors
 14249 | Lair:1   | Learned a level 1 spell: Summon Butterflies
 14944 | Lair:3   | Reached skill level 5 in Spellcasting
 14945 | Lair:3   | Reached skill level 12 in Summonings
 15013 | Lair:3   | HP: 3/72 [elephant (13)]
 15014 | Lair:3   | Mangled by an elephant
